 Dungeon Crawl Stone Soup version 0.17.1-3-g152610e (webtiles) character file.

93 juanjsm the Sneak (level 4, -1/21 HPs)
             Began as a Spriggan Enchanter on Apr 1, 2016.
             Slain by Crazy Yiuf
             ... wielding a +2 quarterstaff of chaos
              (15 damage)
             ... on level 3 of the Dungeon.
             The game lasted 00:10:18 (1607 turns).

juanjsm the Sneak (Spriggan Enchanter)              Turns: 1607, Time: 00:10:18

Health: -1/21      AC:  3    Str:  4    XL:     4   Next: 37%
Magic:  10/10      EV: 18    Int: 17    God:
Gold:   122        SH:  5    Dex: 16    Spells: 4 memorised, 1 level left

rFire  . . .     SeeInvis +     a - +1 dagger
rCold  . . .     Clarity  .     b - +1 robe
rNeg   + . .     SustAt   .     p - +0 buckler (curse)
rPois  .         Gourm    .     (helmet restricted)
rElec  .         Spirit   .     (no cloak)
rCorr  .         Warding  +     (gloves unavailable)
rMut   .         Stasis   .     (boots unavailable)
MR     .....                    v - amulet of warding
Stlth  ++++......               (no ring)
                                (no ring)

@: very quick, not resistant to hostile enchantments, stealthy
A: unfitting armour, see invisible, herbivore 3, speed 3, slow metabolism 2
a: no special abilities


You were on level 3 of the Dungeon.
You were not hungry.

You visited 1 branch of the dungeon, and saw 3 of its levels.

You collected 122 gold pieces.

Inventory:

Hand Weapons
 a - a +1 dagger (weapon)
 n - a +0 dagger
Armour
 b - a +1 robe (worn)
 p - a cursed +0 buckler (worn)
 t - a +0 troll leather armour
Jewellery
 v - an amulet of warding (around neck)
Scrolls
 e - 4 scrolls of identify {unknown}
 f - a scroll of magic mapping {unknown}
 h - a scroll of amnesia {unknown}
 j - 4 scrolls of immolation {unknown}
 q - a scroll of random uselessness {unknown}
 r - 2 scrolls of teleportation {unknown}
 s - a scroll of enchant weapon {unknown}
 u - a scroll of recharging {unknown}
Potions
 g - a potion of agility {unknown}
 i - 2 potions of flight {unknown}
 k - a potion of cancellation {unknown}
 l - 2 potions of curing {unknown}
 m - 2 potions of might {unknown}
 o - a potion of poison {unknown}
Books
 c - a book of Maledictions

   Spells                             Type                      Level
   a - Corona                         Hexes                        1
   b - Ensorcelled Hibernation        Hexes/Ice                    2
   c - Confuse                        Hexes                        3
   d - Tukima's Dance                 Hexes                        3
   e - Dazzling Spray                 Conjuration/Hexes            3
Comestibles
 d - 4 bread rations


   Skills:
 * Level 1.5 Short Blades
 * Level 3.7 Dodging
 * Level 6.0 Stealth
 * Level 0.1 Shields
 * Level 3.5 Spellcasting
 * Level 4.1 Hexes
 + Level 0.2 Ice Magic


You had one spell level left.
You knew the following spells:

 Your Spells              Type           Power        Failure   Level  Hunger
a - Corona                Hex            ###....      8%          1    None
b - Ensorcelled Hibernat  Hex/Ice        ##....       17%         2    ##.....
c - Confuse               Hex            ###.....     21%         3    ###....
d - Dazzling Spray        Conj/Hex       #.......     41%         3    ###....


Dungeon Overview and Level Annotations

Branches:
Dungeon (3/15)

Altars:
Fedhas
Gozag
Ru

Annotations:
D:3 exclusion: player ghost, Charly's ghost, weakling DsNe; Crazy Yiuf


Innate Abilities, Weirdness & Mutations

You are tiny and cannot use many weapons and most armour.
You have supernaturally acute eyesight.
You are a herbivore.
You cover ground extremely quickly.
You need consume almost no food.


Message History

You continue memorising. x2
You finish memorising.
Spell assigned to 'd'.
Casting: Corona
Confirm with . or Enter, or press ? or * to list all spells.
Okay, then.
j - 4 scrolls labeled HAOLU PIAZILUZUESU (gained 1)
Your magical contamination has completely faded away.
Charly's ghost is nearby!
An adder comes into view.
The helpless adder fails to defend itself.
You impale the adder!!
You kill the adder!
d - 4 bread rations (gained 1)
Found a mace.
Crazy Yiuf the Enlightened comes into view.
He is wielding a quarterstaff of chaos.
Crazy Yiuf shouts!
Crazy Yiuf grits, "Ten!
East high hog."
Crazy Yiuf hits you but does no damage.
You are electrocuted!
Ouch! That really hurt!
You die...

##########.........##..........
#..........########............
#.........##........###...##.##
#.........########### ######.##
#.........# #... #.........#
#########... #.........#
########.#......#.. #.........#
#...##..#......)### #.........#
#g@...####......# #.........#
#)..### ##....## ###########
##### ######


You could see Crazy Yiuf.

Vanquished Creatures
  Ijyb (D:3)
  2 adders
  A giant gecko (D:2)
  4 orcs (D:3)
  A ball python (D:2)
  4 giant cockroaches
  7 hobgoblins
  3 jackals (D:1)
  3 kobolds (D:1)
  3 bats
  4 giant newts
  4 goblins
  7 rats
44 creatures vanquished.

Notes
Turn   | Place    | Note
--------------------------------------------------------------
     0 | D:1      | juanjsm the Spriggan Enchanter began the quest for the Orb.
     0 | D:1      | Reached XP level 1. HP: 9/9 MP: 5/5
   108 | D:1      | Reached skill level 5 in Stealth
   159 | D:1      | Reached XP level 2. HP: 8/13 MP: 4/6
   163 | D:1      | Learned a level 2 spell: Ensorcelled Hibernation
   722 | D:2      | Found a blossoming altar of Fedhas.
   740 | D:2      | Found a sacrificial altar of Ru.
   876 | D:2      | Reached XP level 3. HP: 16/16 MP: 4/8
   881 | D:2      | Learned a level 3 spell: Confuse
   890 | D:2      | Found an opulent altar of Gozag.
  1344 | D:3      | Noticed Charly's ghost (weakling DsNe)
  1402 | D:3      | Noticed Ijyb
  1432 | D:3      | Killed Ijyb
  1432 | D:3      | Reached skill level 6 in Stealth
  1432 | D:3      | Reached XP level 4. HP: 7/21 MP: 1/10
  1438 | D:3      | Learned a level 3 spell: Dazzling Spray
  1602 | D:3      | Noticed Crazy Yiuf
  1607 | D:3      | Slain by Crazy Yiuf

Action                   |  1- 3 |  4- 6 || total
-------------------------+-------+-------++-------
Melee: Dagger            |    96 |     1 ||    97
 Cast: Corona            |     9 |       ||     9
       Ensorcelled Hiber |    24 |       ||    24
 Stab: Sleeping          |    29 |     1 ||    30
